[Event "Team 45 45 League T72"]
[Site "Internet Chess Club"]
[Date "2017.03.26"]
[Round "2"]
[White "scostanzo212"]
[Black "KidRattler"]
[Result "1-0"]
[WhiteElo "1566"]
[BlackElo "1564"]
[Opening "Nimzo-Indian: 4.e3 c5"]
[ECO "E41"]
[Time "16:00:40"]
[TimeControl "2700+45"]

1. d4 Nf6 2. c4 e6 3. Nc3 Bb4 4. e3 c5 5. Nf3 d5 6. a3 Bxc3+ 7. bxc3 Ne4 8. Qc2
Nd7 9. Bd3 f5 10. O-O g5 11. Nd2 h5 12. f3 Nd6 13. e4 dxe4 14. fxe4 cxd4 15.
cxd4 Qf6 16. e5 Nxe5 17. dxe5 Qxe5 18. Bb2 Qc5+ 19. Kh1 Rf8 20. Nf3 g4 21. Bd4
Qa5 22. Ne5 Bd7 23. Nxd7 Kxd7 24. Rfe1 Rae8 25. Re5 Qd8 26. Qa4+ Ke7 27. Bc5 Kf6
28. Ree1 b6 29. Bd4+ e5 30. Bb2 Re7 31. Qc2 Rfe8 32. Rad1 Qc7 33. Rc1 Qc5 34.
Qd2 Nf7 35. Qf4 Qc8 36. Rf1 Rd8 37. Bxf5 Rd4 38. Bxd4 exd4 39. Bxc8+ Kg7 40.
Qf6+ Kf8 41. Qh8# {Black checkmated} 1-0

[Event "Team 45 45 League T72"]
[Site "Internet Chess Club"]
[Date "2017.03.28"]
[Round "2"]
[White "Goli"]
[Black "Packerfan"]
[Result "1/2-1/2"]
[WhiteElo "1744"]
[BlackElo "1774"]
[Opening "Ruy Lopez: Schliemann defense"]
[ECO "C63"]
[Time "16:01:49"]
[TimeControl "2700+45"]

1. e4 e5 2. Nf3 Nc6 3. Bb5 f5 4. exf5 e4 5. Bxc6 bxc6 6. Qe2 Qe7 7. Nd4 Nf6 8.
O-O Qe5 9. Nb3 d5 10. d4 Qxf5 11. f3 Bd6 12. fxe4 Qxe4 13. Qxe4+ Nxe4 14. N1d2
Nxd2 15. Bxd2 Ba6 16. Rfe1+ Kd7 17. Nc5+ Bxc5 18. dxc5 Rae8 19. Rxe8 Rxe8 20.
Re1 Re2 21. Rxe2 Bxe2 22. Kf2 Bd1 23. c3 Bc2 24. Bf4 Bb1 25. a3 a5 26. b4 a4 27.
Ke3 Be4 28. g4 Bg2 29. g5 Bf1 30. h4 g6 31. Kd4 Ke6 32. Bxc7 Kf5 33. Bg3 Kg4 34.
Be1 Kf5 35. Bg3 Kg4 36. Be1 Kf5 37. Bg3 Kg4 38. Be1 {Game drawn by repetition}
1/2-1/2

[Event "Team 45 45 League T72"]
[Site "Internet Chess Club"]
[Date "2017.03.24"]
[Round "2"]
[White "tryanything"]
[Black "Egmont"]
[Result "0-1"]
[WhiteElo "1578"]
[BlackElo "1667"]
[Opening "Queen's bishop game"]
[ECO "D00"]
[Time "04:59:22"]
[TimeControl "2700+45"]

1. d4 d5 2. Bf4 Nf6 3. Nf3 c5 4. c3 Qb6 5. Qb3 c4 6. Qxb6 axb6 7. Nbd2 Bf5 8.
Nh4 Bc2 9. e4 Nxe4 10. Nxe4 Bxe4 11. Be2 h6 12. Nf3 e6 13. O-O b5 14. Rfe1 Nc6
15. Ne5 Be7 16. Bf3 Bxf3 17. Nxf3 O-O 18. h4 b4 19. g4 bxc3 20. bxc3 Ra3 21. Bd2
Rfa8 22. Reb1 Nd8 23. Kg2 Rxa2 24. Rxa2 Rxa2 25. h5 Kf8 26. Be1 Bd6 27. Rb6 Bc7
28. Rb5 Ra5 29. Rb2 Ke7 30. Bd2 Kd7 31. Ne5+ Bxe5 32. dxe5 b5 33. f4 Kc6 34. Kf3
Nb7 35. g5 Nc5 36. gxh6 gxh6 37. f5 Nd3 38. Rc2 exf5 {White resigns} 0-1

[Event "Team 45 45 League T72"]
[Site "Internet Chess Club"]
[Date "2017.03.26"]
[Round "2"]
[White "julesraider"]
[Black "clarinetref"]
[Result "0-1"]
[WhiteElo "1618"]
[BlackElo "1560"]
[Opening "Modern defense"]
[ECO "E67"]
[Time "12:07:53"]
[TimeControl "2700+45"]

1. d4 g6 2. c4 Bg7 3. Nf3 d6 4. g3 Nf6 5. Bg2 O-O 6. O-O Nbd7 7. Nc3 c6 8. b3
Qc7 9. Bb2 e5 10. dxe5 Nxe5 11. Qd2 Bf5 12. Nd4 Bd7 13. Rac1 Qc8 14. Rfd1 Bh3
15. Bh1 Rd8 16. a4 a6 17. a5 Qc7 18. Na4 Ned7 19. Nf3 Nc5 20. Nxc5 dxc5 21. Qe1
b5 22. Be5 Qe7 23. Rxd8+ Rxd8 24. Rd1 Rxd1 25. Qxd1 Qd7 26. Qc1 b4 27. Qa1 Qe7
28. Qd1 Ne4 29. Qa1 Bxe5 30. Qxe5 Qxe5 31. Nxe5 Nd2 32. Bxc6 Nxb3 33. Nd3 Nxa5
34. Bd5 Nb3 35. f3 Be6 36. e4 a5 37. Nb2 Kf8 38. Kf2 Ke7 39. Ke3 Bd7 40. Kd3 a4
41. e5 a3 42. Kc2 Nd4+ 43. Kb1 Bf5+ 44. Ka2 axb2 45. Kxb2 Be6 46. f4 f6 47. Be4
fxe5 48. fxe5 Bxc4 49. h3 Ke6 50. h4 Kxe5 51. Bb1 Kf6 52. g4 h6 53. Be4 Be2 54.
h5 gxh5 {White resigns} 0-1

[Event "Team 45 45 League T72"]
[Site "Internet Chess Club"]
[Date "2017.03.22"]
[Round "2"]
[White "kutch"]
[Black "tightfist"]
[Result "0-1"]
[WhiteElo "1510"]
[BlackElo "1528"]
[Opening "Queen's pawn game"]
[ECO "A50"]
[Time "21:05:39"]
[TimeControl "2700+45"]

1. d4 Nf6 2. c4 c6 3. Nc3 d5 4. e3 Bg4 5. Qb3 b6 6. cxd5 Nxd5 7. e4 Nxc3 8. Qxc3
e5 9. Qg3 Bb4+ 10. Bd2 Bxd2+ 11. Kxd2 Qxd4+ 12. Bd3 Qxb2+ 13. Ke3 Qxa1 14. Qxg4
O-O 15. h4 Qd4+ 16. Ke2 Rd8 17. Qg3 Qb2+ 18. Kd1 Na6 19. Ne2 Nb4 20. Nc1 {White
resigns} 0-1

[Event "Team 45 45 League T72"]
[Site "Internet Chess Club"]
[Date "2017.03.26"]
[Round "2"]
[White "Monterrey"]
[Black "JJ12"]
[Result "0-1"]
[WhiteElo "1936"]
[BlackElo "2094"]
[Opening "Benkö gambit"]
[ECO "A57"]
[Time "17:02:19"]
[TimeControl "2700+45"]

1. d4 Nf6 2. c4 c5 3. d5 b5 4. Qc2 bxc4 5. e4 e6 6. Bxc4 exd5 7. exd5 d6 8. Nc3
Be7 9. Nge2 O-O 10. O-O Nbd7 11. Ng3 Nb6 12. b3 Nxc4 13. bxc4 Ng4 14. Bb2 f5 15.
Nh5 Qe8 16. Nf4 Ne5 17. Nb5 Qf7 18. Nc7 Rb8 19. Nfe6 Bxe6 20. Nxe6 Rfc8 21. f4
Nxc4 22. Bxg7 Ne3 23. Qd3 Nxf1 24. Rxf1 Bf6 25. Rf3 c4 26. Qd1 c3 27. Bxf6 Qxf6
28. Rg3+ Kh8 29. Ng5 h6 30. h3 c2 31. Qh5 c1=Q+ 32. Kh2 Qxf4 33. Nf7+ Kh7 34.
Ng5+ Q6xg5 {White resigns} 0-1

[Event "Team 45 45 League T72"]
[Site "Internet Chess Club"]
[Date "2017.03.26"]
[Round "2"]
[White "Grann"]
[Black "LooneyBinJim"]
[Result "1-0"]
[WhiteElo "1897"]
[BlackElo "1782"]
[Opening "Caro-Kann: advance variation"]
[ECO "B12"]
[Time "14:01:09"]
[TimeControl "2700+45"]

1. e4 c6 2. d4 d5 3. e5 c5 4. dxc5 e6 5. Nf3 Bxc5 6. Bd3 Nc6 7. O-O Nge7 8. c3
Ng6 9. Re1 f6 10. exf6 gxf6 11. Nd4 Nce5 12. Bc2 Qb6 13. Be3 Bd7 14. b4 Bxd4 15.
Bxd4 Qc7 16. Nd2 O-O-O 17. g3 Rdf8 18. a4 b6 19. a5 b5 20. f4 Nc6 21. Nb3 Rhg8
22. Bc5 Rf7 23. Kh1 Nge7 24. Bd3 Qb7 25. a6 Qb8 26. Nd4 Nxd4 27. cxd4 Kd8 28.
Qe2 Nf5 29. Bxf5 {Black resigns} 1-0

[Event "Team 45 45 League T72"]
[Site "Internet Chess Club"]
[Date "2017.03.25"]
[Round "2"]
[White "achessman"]
[Black "Covy"]
[Result "0-1"]
[WhiteElo "1919"]
[BlackElo "1936"]
[Opening "Réti: King's Indian attack (Barcza system)"]
[ECO "A07"]
[Time "22:04:36"]
[TimeControl "2700+45"]

1. Nf3 d5 2. g3 Nf6 3. Bg2 Nc6 4. d4 Bf5 5. O-O e6 6. b3 Be7 7. Bb2 O-O 8. Nbd2
Ne4 9. Ne5 Nxd2 10. Qxd2 Nxe5 11. dxe5 c5 12. Rfd1 Qc7 13. c4 d4 14. e3 dxe3 15.
Qxe3 Rad8 16. h4 a6 17. Qf3 b6 18. g4 Bc2 19. Rdc1 Bd3 20. Qg3 b5 21. Rc3 bxc4
22. bxc4 Be2 23. g5 Rd2 24. Bc1 Rd1+ 25. Kh2 Rfd8 26. Rb1 R8d4 27. Rb7 Qd8 28.
Ra7 Bf8 29. Be3 Rg4 30. Qh3 Qb8 31. Ra8 Qxe5+ 32. f4 Rxf4 33. Bxf4 Qxf4+ 34. Qg3
Qd4 35. Rb3 Qg1+ 36. Kh3 Bf1 37. Rxf8+ Kxf8 38. Rb8+ Ke7 39. Rb7+ Rd7 40. Rxd7+
Kxd7 41. Bxf1 Qxf1+ 42. Kh2 Qxc4 {White resigns} 0-1

[Event "Team 45 45 League T72"]
[Site "Internet Chess Club"]
[Date "2017.03.26"]
[Round "2"]
[White "Agarnez"]
[Black "Holgate"]
[Result "1/2-1/2"]
[WhiteElo "1956"]
[BlackElo "2001"]
[Opening "Grünfeld: 5.Bf4"]
[ECO "D92"]
[Time "15:00:35"]
[TimeControl "2700+45"]

1. d4 Nf6 2. c4 g6 3. Nf3 Bg7 4. Nc3 d5 5. Bf4 O-O 6. Rc1 dxc4 7. e4 Bg4 8. Bxc4
Nh5 9. Be3 Bxf3 10. gxf3 e5 11. dxe5 Bxe5 12. Qxd8 Rxd8 13. Ne2 Nc6 14. f4 Bxb2
15. Rb1 Ba3 16. O-O Na5 17. Bb3 b6 18. Ba4 Be7 19. Rfc1 c5 20. Nc3 Nf6 21. Bb5
c4 22. h3 Rac8 23. Ba4 Bc5 24. Bxc5 Rxc5 25. Rd1 Rcc8 26. e5 Nh5 27. Bd7 Rb8 28.
f5 gxf5 29. Bxf5 Nc6 30. e6 Nf4 31. exf7+ Kxf7 32. Bxh7 Nxh3+ 33. Kf1 Nf4 34.
Be4 Ne5 35. Nd5 Ne6 36. f4 Ng4 37. Ke2 Nc5 38. Bf3 Nf6 39. Nxf6 Kxf6 40. Rxd8
Rxd8 41. Rb4 Rd4 42. Ke3 Rxf4 43. Rxb6+ axb6 44. Kxf4 Ke6 45. Ke3 Ke5 46. Kd2
Kd4 47. Bc6 Ne6 48. Be8 Nf4 49. Kc2 Nd5 50. Bd7 Ne3+ 51. Kd2 c3+ 52. Kc1 Kc4 53.
Be8 Kb4 54. Bf7 b5 55. Be6 Kc5 56. Bf7 b4 57. Be6 Kd4 58. Bf7 Ke4 59. Bg6+ Kd4
60. Bh7 Ke5 61. Bg6 Kf4 62. Bh7 Kf3 63. Bg6 Kf2 64. Bh7 Ke2 65. Bg6 Ke1 66. Bh7
Kf2 67. Bg6 Kf3 68. Bh7 Kf4 69. Bg6 Ke5 {Game drawn by mutual agreement} 1/2-1/2

[Event "Team 45 45 League T72"]
[Site "Internet Chess Club"]
[Date "2017.03.26"]
[Round "2"]
[White "captainX"]
[Black "TerryMalloy"]
[Result "1-0"]
[WhiteElo "2102"]
[BlackElo "1758"]
[Opening "Queen's pawn: Chigorin variation"]
[ECO "D00"]
[Time "09:15:11"]
[TimeControl "2700+45"]

1. d4 d5 2. Nc3 Nf6 3. Bf4 c6 4. e3 g6 5. Qd2 Bg7 6. f3 O-O 7. Bd3 Nbd7 8. Nge2
Re8 9. O-O-O e5 10. Bg5 b5 11. e4 b4 12. Na4 Qa5 13. b3 exd4 14. Nxd4 c5 15. Nc6
Qc7 16. exd5 Nxd5 17. Be4 Nc3 18. Nxc3 Bxc3 19. Qd6 {Black resigns} 1-0

[Event "Team 45 45 League T72"]
[Site "Internet Chess Club"]
[Date "2017.03.24"]
[Round "2"]
[White "Percival"]
[Black "TheRailgun"]
[Result "1/2-1/2"]
[WhiteElo "1961"]
[BlackElo "1863"]
[Opening "Nimzo-Indian: Sämisch variation"]
[ECO "E25"]
[Time "19:30:12"]
[TimeControl "2700+45"]

1. d4 Nf6 2. c4 e6 3. Nc3 Bb4 4. f3 d5 5. a3 Bxc3+ 6. bxc3 c5 7. cxd5 Nxd5 8.
Qd3 cxd4 9. cxd4 Nc6 10. e4 Nb6 11. Be3 O-O 12. Nh3 Qe7 13. Nf2 f5 14. Rd1 Bd7
15. Be2 Rad8 16. O-O Be8 17. Qb3 f4 18. Bc1 Nxd4 19. Qb2 Nxe2+ 20. Qxe2 Ba4 21.
Rxd8 Rxd8 22. Bxf4 Qxa3 23. Ng4 Qc5+ 24. Be3 Qa5 25. Ra1 Qb4 26. Qa2 Bb3 27.
Qxa7 Bd1 28. Bf2 Nc4 29. h4 Qc3 30. Rb1 h5 31. Ne3 Nxe3 32. Qxe3 Qxe3 33. Bxe3
Rd7 34. Rb6 Kf7 35. Kf2 Ba4 36. Kg3 Bc6 37. Bc5 Rd2 38. e5 {Game drawn by mutual
agreement} 1/2-1/2

[Event "Team 45 45 League T72"]
[Site "Internet Chess Club"]
[Date "2017.03.26"]
[Round "2"]
[White "kamalchandran"]
[Black "LinceHispano44"]
[Result "1-0"]
[WhiteElo "1951"]
[BlackElo "1753"]
[Opening "French: Winawer, advance variation"]
[ECO "C16"]
[Time "05:04:07"]
[TimeControl "2700+45"]

1. e4 e6 2. d4 d5 3. Nc3 Bb4 4. e5 b6 5. Qg4 Bf8 6. Bg5 Qd7 7. f4 Ba6 8. Nh3
Bxf1 9. Rxf1 h5 10. Qf3 Ne7 11. Bxe7 Bxe7 12. f5 Bb4 13. Nf4 Nc6 14. O-O-O Bxc3
15. fxe6 fxe6 16. Ng6 Bxb2+ 17. Kxb2 O-O-O 18. Nxh8 Rxh8 19. Qf7 Nd8 20. Qxd7+
Kxd7 21. Rd3 c5 22. Rg3 Rg8 23. c3 g5 24. Rf6 Ke7 25. Rh6 h4 26. Rxh4 cxd4 27.
cxd4 Nc6 28. Rh7+ Ke8 29. Rc3 {Black resigns} 1-0

[Event "Team 45 45 League T72"]
[Site "Internet Chess Club"]
[Date "2017.03.25"]
[Round "2"]
[White "KidRattler"]
[Black "charles-allen"]
[Result "0-1"]
[WhiteElo "1581"]
[BlackElo "1873"]
[Opening "Danish gambit"]
[ECO "C21"]
[Time "18:01:43"]
[TimeControl "2700+45"]

1. e4 e5 2. d4 exd4 3. c3 Qe7 4. Qe2 Nf6 5. e5 d3 6. Qe3 Ng4 7. Qxd3 Nxe5 8. Qe3
d5 9. Be2 Bf5 10. Nf3 Nd3+ 11. Bxd3 Bxd3 12. Ne5 Be4 13. Nf3 Bxf3 14. gxf3 Nc6
15. Qxe7+ Bxe7 16. Bf4 O-O-O 17. Nd2 Bd6 18. Be3 Rhe8 19. O-O-O Be5 20. f4 Bf6
21. Nf3 Re4 22. Rd3 d4 23. cxd4 Nxd4 24. Nd2 Re6 25. Ra3 Rc6+ 26. Kb1 Nb5 27.
Ra5 a6 28. Rc1 Rxc1+ 29. Kxc1 Nd4 30. Ne4 Nc6 31. Rh5 Bd4 32. Rxh7 Bxe3+ 33.
fxe3 Re8 34. Nc5 b6 35. Nxa6 Kb7 36. Nxc7 Kxc7 37. Rxg7 Rxe3 38. Rxf7+ Re7 39.
Rxe7+ Nxe7 40. Kd2 Nf5 41. Kd3 Kd6 42. Ke4 Ke6 43. b4 Nd6+ 44. Kd4 Kf5 45. Kd5
Ne4 46. Kc6 Nc3 47. a3 b5 48. Kc5 Kxf4 49. Kd4 Na4 50. Kd3 Kg4 51. h4 Kxh4 52.
Ke3 Kg3 53. Ke2 Kf4 54. Kd3 Kf3 55. Kd2 Ke4 56. Ke2 Kd4 57. Kd2 Kc4 58. Kc2 Nc3
59. Kb2 Kd3 60. Kb3 Na4 61. Ka2 Kc2 62. Ka1 Kb3 63. Kb1 Kxa3 64. Ka1 Kxb4 65.
Ka2 Kc3 66. Ka1 Kc2 67. Ka2 b4 68. Ka1 Nc5 69. Ka2 b3+ 70. Ka3 b2 71. Kb4 b1=Q+
72. Ka5 Nd7 73. Ka4 Kc3 74. Ka5 Qb6+ 75. Ka4 Qb4# {White checkmated} 0-1

[Event "Team 45 45 League T72"]
[Site "Internet Chess Club"]
[Date "2017.03.24"]
[Round "2"]
[White "laurenpar"]
[Black "Agarnez"]
[Result "1-0"]
[WhiteElo "1913"]
[BlackElo "1954"]
[Opening "English: Mikenas-Carls, Sicilian variation"]
[ECO "A19"]
[Time "23:02:38"]
[TimeControl "2700+45"]

1. c4 Nf6 2. Nc3 e6 3. e4 c5 4. e5 Ng8 5. Nf3 Nc6 6. d4 cxd4 7. Nxd4 Nxe5 8.
Ndb5 a6 9. Nd6+ Bxd6 10. Qxd6 Nc6 11. Bd3 Qe7 12. Qg3 Nf6 13. Bg5 O-O 14. O-O b5
15. Qh4 h6 16. Ne4 Ne5 17. Bxf6 gxf6 18. Nxf6+ Qxf6 19. Qxf6 Nxd3 20. Qf3 {Black
resigns} 1-0

[Event "Team 45 45 League T72"]
[Site "Internet Chess Club"]
[Date "2017.03.26"]
[Round "2"]
[White "roji"]
[Black "cadmiumorange"]
[Result "1/2-1/2"]
[WhiteElo "1887"]
[BlackElo "1810"]
[Opening "Modern defense"]
[ECO "A40"]
[Time "13:22:47"]
[TimeControl "2700+45"]

1. d4 g6 2. Nf3 Bg7 3. Bf4 d6 4. e3 Nd7 5. h4 e5 6. Bg3 h5 7. c4 Nh6 8. Nc3 Nf5
9. Be2 Nxg3 10. fxg3 Bh6 11. Qd3 exd4 12. exd4 O-O 13. O-O Nf6 14. Ng5 Bxg5 15.
hxg5 Nh7 16. Nd5 Bf5 17. Rxf5 gxf5 18. Rf1 c6 19. Nf4 Qxg5 20. Nxh5 Rae8 21. Rf4
Re4 22. Rxe4 fxe4 23. Qxe4 Nf6 24. Qe7 Qc1+ 25. Kh2 Nxh5 26. Bxh5 Qh6 27. g4 f5
28. Qh4 Qf4+ 29. g3 Qxd4 30. Bg6 Qxb2+ 31. Kg1 Qd4+ 32. Kg2 Qe4+ 33. Kh2 Qe2+
34. Kh1 {Game drawn by mutual agreement} 1/2-1/2

[Event "Team 45 45 League T72"]
[Site "Internet Chess Club"]
[Date "2017.03.26"]
[Round "2"]
[White "cityprosecutor"]
[Black "drbishop"]
[Result "1/2-1/2"]
[WhiteElo "1716"]
[BlackElo "1717"]
[Opening "French: King's Indian attack"]
[ECO "C00"]
[Time "19:16:28"]
[TimeControl "2700+45"]

1. e4 e6 2. d3 d5 3. Nd2 Nf6 4. f4 dxe4 5. dxe4 Bc5 6. e5 Bxg1 7. Rxg1 Nd5 8.
Nf3 Bd7 9. Bd2 Nc6 10. c4 Nb6 11. Qc2 Qe7 12. O-O-O O-O-O 13. Bd3 Nb4 14. Bxb4
Qxb4 15. Ng5 Rdf8 16. a3 Qe7 17. Rd2 Bc6 18. Be4 h6 19. Nf3 Bxe4 20. Qxe4 Rd8
21. Rgd1 Rxd2 22. Rxd2 Rd8 23. Rxd8+ Qxd8 24. c5 Nd5 25. g3 g6 26. h4 Qe7 27. b4
Qd7 28. Qd3 Qa4 29. Nd2 b6 30. cxb6 Qc6+ 31. Kb2 axb6 32. Qc4 Qxc4 33. Nxc4 b5
34. Nd2 Ne3 35. Kc3 Nf5 36. Ne4 Kb7 37. Kd3 Kc6 38. Kc3 Kd5 39. Nf6+ Kc6 40. Ne4
Kd5 41. Nf6+ Kc6 42. Ne4 {Game drawn by repetition} 1/2-1/2

[Event "Team 45 45 League T72"]
[Site "Internet Chess Club"]
[Date "2017.03.26"]
[Round "2"]
[White "justice02"]
[Black "volodia80"]
[Result "1-0"]
[WhiteElo "1672"]
[BlackElo "1690"]
[Opening "Ruy Lopez: closed, Pilnik variation"]
[ECO "C90"]
[Time "16:04:14"]
[TimeControl "2700+45"]

1. e4 e5 2. Nf3 Nc6 3. Bb5 a6 4. Ba4 Nf6 5. O-O Be7 6. Re1 b5 7. Bb3 d6 8. c3
O-O 9. d3 Nb8 10. d4 Nbd7 11. Ng5 d5 12. dxe5 Nxe4 13. Nxf7 Rxf7 14. Qxd5 Ndc5
15. Qxf7+ Kh8 16. Bc2 Be6 17. Qh5 g6 18. Qd1 Bd5 19. Be3 c6 20. Bd4 Kg8 21. b4
Bh4 22. bxc5 Nxf2 23. Bxf2 Qg5 24. g3 Rf8 25. Qd2 Qg4 26. Bb3 Qf3 27. Bxd5+ cxd5
28. gxh4 Rf4 29. Bg3 Rg4 30. c6 Rxg3+ 31. hxg3 Qxg3+ 32. Kf1 Qh3+ 33. Qg2 Qd3+
34. Kg1 {Black resigns} 1-0

[Event "Team 45 45 League T72"]
[Site "Internet Chess Club"]
[Date "2017.04.01"]
[Round "2"]
[White "SlimeDog2"]
[Black "fledermaus"]
[Result "1/2-1/2"]
[WhiteElo "2093"]
[BlackElo "1882"]
[Opening "QGD: exchange, positional line"]
[ECO "D35"]
[Time "16:01:51"]
[TimeControl "2700+45"]

1. d4 d5 2. c4 e6 3. Nc3 Nf6 4. cxd5 exd5 5. Bg5 Be7 6. e3 c6 7. Bd3 Nbd7 8. Qc2
Nh5 9. Bxe7 Qxe7 10. O-O-O Nb6 11. Nge2 Be6 12. Nf4 Nxf4 13. exf4 O-O-O 14. Rhe1
Qf6 15. g3 Bg4 16. Rd2 Rde8 17. Re5 Kb8 18. Be2 Bd7 19. Rxe8+ Rxe8 20. b3 g6 21.
Nd1 Nc8 22. Ne3 Nd6 23. Rd1 h5 24. Bd3 a6 25. Qc5 Ne4 26. Bxe4 Rxe4 27. Qb6 Qe7
28. Kb2 Bg4 29. Rc1 Qf6 30. Nxd5 Qxd4+ 31. Qxd4 Rxd4 32. Ne3 Bf3 33. Kc3 Re4 34.
h4 Kc7 35. Rc2 Re7 36. f5 Be4 37. Re2 Rd7 38. fxg6 fxg6 39. Nc4 Bd3 40. Re8 Bxc4
41. bxc4 c5 42. a4 b6 43. f4 Rd6 44. Re5 Kc6 45. Rg5 Rf6 46. f5 gxf5 47. Rxh5 f4
48. gxf4 Rxf4 49. Rh6+ Kc7 50. h5 Rf3+ 51. Kb2 Rf2+ 52. Kb3 Rf3+ {Game drawn by
mutual agreement} 1/2-1/2

[Event "Team 45 45 League T72"]
[Site "Internet Chess Club"]
[Date "2017.03.28"]
[Round "2"]
[White "jonesey"]
[Black "Rhel"]
[Result "1-0"]
[WhiteElo "1887"]
[BlackElo "1749"]
[Opening "Scandinavian: Pytel-Wade variation"]
[ECO "B01"]
[Time "16:04:28"]
[TimeControl "2700+45"]

1. e4 d5 2. exd5 Qxd5 3. Nc3 Qd6 4. d4 Nf6 5. Nf3 c6 6. g3 Bf5 7. Bg2 e6 8. O-O
h6 9. Re1 Be7 10. a3 O-O 11. b4 a5 12. Bf4 Qd8 13. b5 Nd5 14. Nxd5 cxd5 15. c4
dxc4 16. Ne5 Qb6 17. a4 Nd7 18. Nxd7 {Black resigns} 1-0

[Event "Team 45 45 League T72"]
[Site "Internet Chess Club"]
[Date "2017.03.25"]
[Round "2"]
[White "qs16"]
[Black "LookImYourVader"]
[Result "0-1"]
[WhiteElo "1639"]
[BlackElo "1757"]
[Opening "Queen's pawn game"]
[ECO "A45"]
[Time "13:02:07"]
[TimeControl "2700+45"]

1. d4 Nf6 2. Nd2 d5 3. e3 g6 4. f4 Bg7 5. Ngf3 O-O 6. Bd3 c5 7. c3 cxd4 8. cxd4
Bg4 9. O-O Nc6 10. a3 Nd7 11. Qe1 Bxf3 12. Nxf3 a6 13. Bd2 Rc8 14. Rc1 b5 15. b4
Nb6 16. Qe2 Nc4 17. Rc3 Qd7 18. Re1 e6 19. Rec1 Rfd8 20. Ng5 f6 21. Nf3 e5 22.
Bxc4 bxc4 23. Qf2 e4 24. Ne1 Na7 25. Ra1 Qa4 26. Bc1 Nb5 27. Rc2 f5 28. Bb2 c3
29. Bc1 a5 30. bxa5 Qxa5 31. a4 Rc4 32. Rca2 Na7 33. Nc2 Ra8 34. Qh4 Nc6 35. Qe1
Qc7 36. Ra3 Qa5 37. R3a2 Bf8 38. Qd1 Qb6 39. h3 Ra5 40. Ba3 Rcxa4 41. Bc5 Qa6
42. Rxa4 Rxa4 43. Rxa4 Qxa4 44. Kh2 Qb3 45. Bxf8 Kxf8 46. Qe2 Ke7 47. Qa6 Kd6
48. Qe2 Qb2 49. Qd1 Kc7 50. Kg3 Kb6 51. Na1 Nb4 52. Qa4 c2 53. Nb3 Qc3 54. Qa5+
Kc6 55. Qa8+ Kb5 56. Qe8+ Kc4 57. Na5+ Kd3 58. Qb5+ Kd2 {White resigns} 0-1

[Event "Team 45 45 League T72"]
[Site "Internet Chess Club"]
[Date "2017.03.25"]
[Round "2"]
[White "parrot9"]
[Black "AVEMARIA"]
[Result "1-0"]
[WhiteElo "1701"]
[BlackElo "1723"]
[Opening "QGD semi-Slav: 5.e3"]
[ECO "D45"]
[Time "10:00:50"]
[TimeControl "2700+45"]

1. d4 d5 2. c4 c6 3. Nc3 Nf6 4. e3 e6 5. Nf3 Be7 6. a3 dxc4 7. Bxc4 O-O 8. O-O
Nbd7 9. b4 Nb6 10. Bd3 Nbd5 11. Qc2 Nxc3 12. Qxc3 a5 13. Bd2 axb4 14. axb4 Rxa1
15. Rxa1 Nd5 16. Qb3 Bd6 17. e4 Nc7 18. Ra5 Be7 19. Bc2 Nb5 20. Qd3 g6 21. Ba4
b6 22. Ra8 Qc7 23. Bc2 Bb7 24. Rxf8+ Bxf8 25. h4 Bg7 26. e5 Qd7 27. h5 c5 28.
hxg6 hxg6 29. Ba4 Bc6 30. bxc5 bxc5 31. Bxb5 Bxb5 32. Qa3 cxd4 33. Qa8+ Bf8 34.
Ng5 Qe8 35. Qe4 Be7 36. Qh4 Bxg5 37. Bxg5 f5 38. Bf6 g5 39. Qh8+ {Black resigns}
1-0

[Event "Team 45 45 League T72"]
[Site "Internet Chess Club"]
[Date "2017.03.24"]
[Round "2"]
[White "noblitz-oblige"]
[Black "idjit"]
[Result "0-1"]
[WhiteElo "1470"]
[BlackElo "1578"]
[Opening "French: exchange variation"]
[ECO "C01"]
[Time "10:02:05"]
[TimeControl "2700+45"]

1. e4 e6 2. d4 d5 3. exd5 exd5 4. Nf3 Nf6 5. Be2 Bd6 6. O-O O-O 7. Nc3 Be6 8. a3
c6 9. Re1 Qc7 10. h3 Nbd7 11. Ng5 Bf5 12. Bd3 Bxd3 13. Qxd3 Rfe8 14. Bd2 Nf8 15.
Nf3 Ng6 16. Bg5 Nh5 17. Qf5 Nhf4 18. Ne5 Nxe5 19. dxe5 Rxe5 20. Rxe5 Bxe5 21.
Re1 Ng6 22. Bd2 Re8 23. Nd1 Bh2+ 24. Kf1 Rxe1+ 25. Bxe1 Be5 26. b3 b5 27. Ne3 h6
28. Ng4 Bd6 29. a4 bxa4 30. bxa4 Qb7 31. Qd3 Nf4 32. Qf3 Qa6+ 33. Kg1 Qxa4 34.
Ne3 Ne6 35. Nf5 Nd4 36. Qg4 Be5 37. c3 Qa1 38. Kf1 Nc2 39. Qe2 Qxe1+ 40. Qxe1
Nxe1 41. Kxe1 Bxc3+ {White resigns} 0-1

[Event "Team 45 45 League T72"]
[Site "Internet Chess Club"]
[Date "2017.03.23"]
[Round "2"]
[White "crazyhorses"]
[Black "Bible-Believer"]
[Result "1-0"]
[WhiteElo "1370"]
[BlackElo "1405"]
[Opening "Scandinavian: Pytel-Wade variation"]
[ECO "B01"]
[Time "14:00:09"]
[TimeControl "2700+45"]

1. e4 d5 2. exd5 Qxd5 3. Nc3 Qd6 4. d4 Nf6 5. Nf3 c6 6. Be3 Bg4 7. Be2 Nbd7 8.
Qd2 e6 9. O-O Be7 10. Bf4 Qb4 11. Bc7 Ne4 12. Nxe4 {Black resigns} 1-0

[Event "Team 45 45 League T72"]
[Site "Internet Chess Club"]
[Date "2017.03.26"]
[Round "2"]
[White "liujf"]
[Black "kingsrook"]
[Result "1/2-1/2"]
[WhiteElo "1619"]
[BlackElo "1276"]
[Opening "Sicilian: Anderssen variation"]
[ECO "B41"]
[Time "19:00:33"]
[TimeControl "2700+45"]

1. e4 c5 2. Nf3 e6 3. d4 cxd4 4. Nxd4 Nf6 5. Nc3 Nc6 6. Be2 Bb4 7. Qd3 O-O 8.
Bg5 h6 9. Bh4 d5 10. Nxc6 bxc6 11. e5 g5 12. Bxg5 hxg5 13. exf6 Qxf6 14. Qg3 Qg7
15. a3 Ba5 16. b4 Bc7 17. Qd3 Be5 18. Kd2 Bf4+ 19. Ke1 Be5 20. Kd2 Bf4+ 21. Kd1
Be5 22. Kd2 Bf4+ 23. Ke1 Be5 24. Kd2 Bf4+ 25. Kd1 Be5 26. Kd2 Bf4+ 27. Kd1 Be5
28. Kd2 Bf4+ 29. Kd1 Be5 {Game drawn by repetition} 1/2-1/2

[Event "Team 45 45 League T72"]
[Site "Internet Chess Club"]
[Date "2017.03.24"]
[Round "2"]
[White "clarinetref"]
[Black "KnightmanAJ"]
[Result "0-1"]
[WhiteElo "1540"]
[BlackElo "1456"]
[Opening "Scotch: Potter variation"]
[ECO "C45"]
[Time "20:41:38"]
[TimeControl "2700+45"]

1. e4 e5 2. Nf3 Nc6 3. d4 exd4 4. Nxd4 Bc5 5. Nb3 Bb6 6. Nc3 Nge7 7. Bc4 O-O 8.
Qe2 d6 9. Be3 Ne5 10. f3 Bxe3 11. Bxf7+ Rxf7 12. Qxe3 N7g6 13. O-O-O Nc4 14. Qd4
Qg5+ 15. Kb1 Ne3 16. Rd2 Nxg2 17. Rg1 N6h4 18. Ne2 Nxf3 19. Qd3 Nxd2+ 20. Nxd2
Rf2 21. Nf3 Qg4 22. Qd5+ Kh8 23. Ne5 Qe6 24. Qd4 Rxe2 25. Nd3 Rxe4 26. Qf2 Ne3
27. Qg3 Rg4 28. Qf2 {White resigns} 0-1

[Event "Team 45 45 League T72"]
[Site "Internet Chess Club"]
[Date "2017.03.24"]
[Round "2"]
[White "Visin"]
[Black "Striker3000"]
[Result "1-0"]
[WhiteElo "1278"]
[BlackElo "1418"]
[Opening "Lengfellner system"]
[ECO "C01"]
[Time "10:00:42"]
[TimeControl "2700+45"]

1. e4 e6 2. d4 d6 3. Nf3 Nf6 4. Nc3 Be7 5. Bc4 O-O 6. Bf4 Nbd7 7. O-O a6 8. a3
b5 9. Ba2 Bb7 10. e5 dxe5 11. dxe5 Nh5 12. Qd2 Nxf4 13. Qxf4 Bxf3 14. gxf3 Bg5
15. Qd4 Nb6 16. Rad1 Qxd4 17. Rxd4 Rad8 18. Rfd1 Rxd4 19. Rxd4 Rd8 20. Rxd8+
Bxd8 21. f4 Kf8 22. Ne4 Be7 23. f3 Nd5 24. Kf2 Nxf4 25. Ke3 Nd5+ 26. Bxd5 exd5
27. Nc3 c6 28. Ne2 f6 29. exf6 Bxf6 30. b3 Be5 31. h3 Bc3 32. Nxc3 Ke7 33. b4
Ke6 34. Kd4 Kd6 35. Ne2 g5 36. Ng3 {Black resigns} 1-0